 Dungeon Crawl Stone Soup version 0.31.0-12-g77e489cdc1 (webtiles) character file.

Game seed: 11337735899611824471

23 Metae the Trooper (level 2, 0/26 HPs)
             Began as a Draconian Berserker on Feb 24, 2024.
             Was a Follower of Trog.
             Succumbed to an adder's poison
             ... on level 2 of the Dungeon.
             The game lasted 00:02:45 (743 turns).

Metae the Trooper (Draconian Berserker)              Turns: 743, Time: 00:02:45

Health: 0/26       AC:  4    Str: 19    XL:     2   Next: 72%
Magic:  2/2        EV: 12    Int:  7    God:    Trog [*.....]
Gold:   20         SH:  0    Dex: 10    Spells: 1/1 levels left

rFire   . . .        a - +0 mace
rCold   . . .        (no shield)
rNeg    . . .        (body armour unavailable)
rPois   .            (helmet restricted)
rElec   .            (no cloak)
rCorr   .            (no gloves)
SInv    .            (no boots)
Will    +....        (no amulet)
Stlth   +            d - ring of willpower
HPRegen 0.24/turn    (no ring)
MPRegen 0.08/turn

%: no passive effects
@: brilliant, lethally poisoned (0 -> -3)
A: AC +4, unfitting armour, cold-blooded
a: Renounce Religion, Berserk


You were on level 2 of the Dungeon.
You worshipped Trog.
Trog was aware of your devotion.
You visited 1 branch of the dungeon, and saw 2 of its levels.

You collected 20 gold pieces.

Inventory:

Hand Weapons
 a - a +0 mace (weapon)
Jewellery
 b - a ring of positive energy
 d - a ring of willpower (left hand)
Talismans
 c - a flux talisman
Scrolls
 h - a scroll of amnesia {unknown}
 i - a scroll of fear {unknown}
Potions
 e - a potion of attraction {unknown}
 f - a potion of haste {unknown}


   Skills:
 + Level 3.6 Fighting
 + Level 3.3 Maces & Flails
 + Level 3.0 Dodging
 + Level 0.6 Shapeshifting


You had one spell level left.
You didn't know any spells.
Your spell library was empty.

Dungeon Overview and Level Annotations

Branches:
Dungeon (2/15)

Altars:


Innate Abilities, Weirdness & Mutations

Your plain brown scales are hard. (AC +4)
You cannot fit into any form of body armour.
You are cold-blooded and may be slowed by cold attacks.


Message History

The adder closely misses you.
You barely miss the adder.
The adder is lightly wounded.
The quokka bites you but does no damage.
The adder closely misses you.
You hit the adder but do no damage.
The adder is lightly wounded.
The quokka barely misses you. The adder bites you but does no damage.
The quokka barely misses you. The adder barely misses you.
You closely miss the adder.
The adder is lightly wounded.
The quokka barely misses you. The adder bites you.
You are poisoned.
The adder poisons you! The quokka closely misses you.
The adder barely misses you.
You closely miss the adder.
Your tail-slap misses the adder.
The adder is lightly wounded.
You feel sick. The adder bites you but does no damage. The quokka bites you.
You are too injured to fight recklessly!
You are too injured to fight recklessly!
You are too injured to fight recklessly!
You are too injured to fight recklessly!
You are too injured to fight recklessly!
Unknown command.
You barely miss the adder.
The adder is lightly wounded.
You feel sick. The quokka completely misses you. The adder bites you.
The quokka closely misses you. The adder bites you but does no damage.
You barely miss the adder.
Your tail-slap misses the adder.
The adder is lightly wounded.
You feel sick. The adder bites you.
* * * LOW HITPOINT WARNING * * *
You are lethally poisoned!
The adder poisons you! The quokka bites you.
* * * LOW HITPOINT WARNING * * *
* * * LOW HITPOINT WARNING * * *
You feel sick. The adder misses you.
It was a potion of brilliance.
You feel clever all of a sudden.
You die...

###############
#..............
####.############. ..#.#
#. #.#.# #. ####.#.#####
#. #..........# #.
#.##.#.###.# #. #.#@#..#
#.# #.
#†S###.###.########.
#.....>#r#.#........>....
#.......g.###.###.###....
#......##..#.## ##.##..).
.............# #..###.†
##..##.#####.## ##..# ##.
#.. #..(.....###.#.# ##
#. #######.#...##.# #


You could see an adder.

Vanquished Creatures
  A dart slug (D:1)
  A giant cockroach (D:2)
  A goblin (D:1)
  A hobgoblin (D:2)
  2 jackals (D:1)
  2 quokkas (D:1)
  3 bats
  A frilled lizard (D:1)
  5 kobolds
  2 rats (D:1)
19 creatures vanquished.

Notes
Turn   | Place    | Note
-------+----------+-------------------------------------------
     0 | D:1      | Metae the Draconian Berserker began the quest for the Orb.
     0 | D:1      | Reached XP level 1. HP: 19/19 MP: 1/1
   312 | D:1      | Reached XP level 2. HP: 23/26 MP: 2/2
   664 | D:2      | Found a faded altar of an unknown god.
   742 | D:2      | HP: 1/26 [poisoned by an adder]
   743 | D:2      | Succumbed to an adder's poison

Illustrated notes

Levels and vault maps discovered:
D:1:      minmay_arrival_nine_rooms, layout_rooms, serial_glass,
          glass_columns_a, glass_columns_a
D:2:      layout_loops_ring, hellmonk_ecumenical_altar_crossroads, uniq_terence

Skill      XL: |  1  2 |
---------------+-------+-----
Dodging        | 3 |  3.0
Fighting       | |  3.6
Maces & Flails | |  3.3
Shapeshifting  | |  0.6

Action                     || total
---------------------------++-------
  Melee: Mace              ||    70
         Tailslap          ||     7
    Use: Potion            ||     1
 Armour: Skin              ||    61
  Dodge: Dodged            ||    63
